 Dungeon Crawl Stone Soup version 0.20-a0-754-g13ddd6e (webtiles) character file.

49383 Gorglomux the Brawler (level 14, -1/130 HPs)
             Began as a Ghoul Warper on Feb 26, 2017.
             Was the Champion of Okawaru.
             Slain by a spiny frog (13 damage)
             ... on level 6 of the Lair of Beasts.
             The game lasted 00:52:12 (20587 turns).

Gorglomux the Brawler (Ghoul Warper)               Turns: 20587, Time: 00:52:13

Health: -1/130     AC: 15    Str: 17    XL:     14   Next: 50%
Magic:  16/16      EV:  7    Int:  8    God:    Okawaru [******]
Gold:   1412       SH:  0    Dex: 11    Spells: 16/16 levels left

rFire    . . .     SeeInvis .     - Unarmed
rCold    + . .     Gourm    .   w - +0 plate armour
rNeg     + + +     Faith    +   m - +0 shield
rPois    ∞         Spirit   .   V - +2 hat
rElec    .         Reflect  .   (no cloak)
rCorr    +         Harm     .   (no gloves)
MR       +....                  a - +0 pair of boots {Fly} {god gift}
Stlth    ..........             x - amulet of faith
Regen    0.0/turn               u - +2 ring of evasion
MPRegen  0.2/turn               g - ring of resist corrosion

@: confused, finesse, flying, rotting
A: rotting body, claws 1, carnivore 3, cold resistance 1, negative energy
resistance 3, inhibited regeneration, torment resistance, unbreathing
a: Heroism, Finesse, Renounce Religion, Stop Flying


You were on level 6 of the Lair of Beasts.
You worshipped Okawaru.
Okawaru was exalted by your worship.
You were not hungry.

You visited 3 branches of the dungeon, and saw 18 of its levels.
You also visited: Labyrinth.

You collected 1412 gold pieces.

Inventory:

Hand Weapons
 b - a +7 blowgun
Missiles
 d - 5 tomahawks of dispersal
 e - 4 curare-tipped needles
 N - 114 poisoned needles
 Y - 20 tomahawks (quivered)
 Z - a throwing net
Armour
 a - a +0 pair of boots of flying (worn) {god gift}
 m - a +0 shield (worn)
 w - a +0 plate armour (worn)
 V - a +2 hat (worn)
Jewellery
 g - a ring of resist corrosion (left claw)
 q - a +2 ring of dexterity
 u - a +2 ring of evasion (right claw)
 x - an amulet of faith (around neck)
Wands
 r - a wand of iceblast (5/15)
 A - a wand of acid (7/15)
 D - a wand of digging (11/24)
 E - a wand of enslavement (15/24)
 H - a wand of flame (21/48)
 I - a wand of iceblast (8/15)
 L - a wand of lightning (9/15)
 O - a wand of clouds (6/9)
 P - a wand of paralysis (8/24)
Scrolls
 l - 2 scrolls of enchant armour
 s - a scroll of silence
 y - a scroll of immolation {unknown}
 z - a scroll of amnesia
 B - 3 scrolls of blinking
 F - 2 scrolls of fear
 J - a scroll of brand weapon {unknown}
 K - 6 scrolls of recharging
 M - a scroll of random uselessness {unknown}
 R - a scroll of identify
 T - 6 scrolls of teleportation
 U - 3 scrolls of fog
 X - 2 scrolls of magic mapping {unknown}
Potions
 c - 2 potions of haste
 k - 2 potions of might
 t - a potion of cancellation
 Q - 4 potions of curing
 S - a potion of brilliance
 W - a potion of magic
Comestibles
 f - 8 meat rations
 v - 12 royal jellies
 C - a chunk of flesh


   Skills:
 + Level 13.7 Fighting
 - Level 0.8 Throwing
 - Level 5.0 Armour
 - Level 5.0 Dodging
 + Level 7.2 Shields
 + Level 18.3 Unarmed Combat
 - Level 1.7 Spellcasting
   Level 2.6 Translocations
 - Level 4.0 Invocations
 - Level 3.0 Evocations


You had 16 spell levels left.
You didn't know any spells.

Dungeon Overview and Level Annotations

Branches:
Dungeon (11/15)            Temple (1/1) D:7            Lair (6/6) D:10
  Swamp (0/4) Lair:2        Snake (0/4) Lair:4        Slime (0/5) Lair:6
    Orc (0/2) D:11

Altars:
Fedhas
Gozag
Kikubaaqudgha
Nemelex Xobeh
Okawaru
Qazlal
Ru
Trog
Vehumet
Xom
Yredelemnul
Zin

Shops:
D:9 =


Innate Abilities, Weirdness & Mutations

Your body is rotting away.
You thrive on raw meat.
You are immune to poison.
You have sharp fingernails.
You are carnivorous and can eat meat at any time.
Your flesh is cold resistant. (rC+)
You are immune to negative energy. (rN+++)
You do not regenerate when monsters are visible.
You are immune to unholy pain and torment.
You can survive without breathing.


Message History

The bolt of magma hits you!
* * * LOW HITPOINT WARNING * * *
Eat one of 2 chunks of flesh? (ye/n/q)
You eat one of the 2 chunks of flesh.
This raw flesh tastes great!
The molten gargoyle blasts magma at you!
The bolt of magma hits you!
* * * LOW HITPOINT WARNING * * *
You feel much better. You block the molten gargoyle's attack.
The molten gargoyle blasts magma at you!
The bolt of magma hits the molten gargoyle.
The molten gargoyle partially resists.
The bolt of magma hits you!
* * * LOW HITPOINT WARNING * * *
You are confused.
You feel invigorated. The spiny frog stings you!
* * * LOW HITPOINT WARNING * * *
The molten gargoyle hits you but does no damage.
You bump into the rock wall.
You feel like a meek peon again. The spiny frog stings you!
You die...

# ...... ###... .....# #.....
....# ....## ### .9.. ..#.#P #.#
###### #..# ....... #.####....#
#†.# .P..... #.........#
###..##..P...PP
......P.###########........PP#.#P
.#......####.##.@##.....#......P.
...............F#9...............
......P.#....##..9...............
.....#.P#...P................#.#.
.........#...........P...........
#..................P.......#.....
###...................#P......>..
##.....[..#.#............#.....
#..#########.#......P.........(


You could see a spiny frog and 2 molten gargoyles.

Vanquished Creatures
  Kirke (Lair:5)
  A minotaur (Lab)
  The ghost of nht the Grappler, a journeyman TrFi of Wu Jian (Lair:2)
  Fannar (Lair:3)
  5 hydras
  A death knight (D:11)
  A catoblepas (Lair:3)
  2 two-headed ogres (D:11)
  6 death yaks
  The ghost of dxctxrx the Covert, a journeyman SpEn of Uskayaw (Lair:2)
  Sonja (Lair:1)
  A skeletal warrior (D:11)
  A necromancer (Lair:2)
  An oklob plant (Lair:1)
  3 black mambas
  Psyche (D:8)
  A centaur skeleton (D:10)
  9 spiny frogs
  A kobold demonologist (D:11)
  2 rime drakes
  11 komodo dragons
  A tyrant leech (Lair:2)
  A troll (D:9)
  2 polar bears (Lair:6)
  9 blink frogs
  4 dream sheep (Lair:6)
  4 hippogriffs
  3 wraiths
  2 wyverns
  33 yaks
  Eustachio (D:4)
  5 hogs
  A human (D:7)
  5 basilisks
  A hungry ghost (D:11)
  3 nagas (Lair:4)
  Edmund (D:7)
  An acid dragon (D:11)
  7 hell hounds
  Duvessa (D:5)
  6 porcupines
  4 sky beasts
  18 water moccasins
  2 black bears
  3 ice beasts
  8 orc warriors
  A hornet zombie (D:10)
  A necrophage (D:11)
  2 phantoms
  18 wolves
  5 ogres
  10 centaurs
  12 crocodiles
  19 big kobolds
  14 bullfrogs
  A wyvern zombie (D:10)
  Dowan (D:5)
  3 wyvern skeletons
  A water moccasin zombie (D:7)
  3 scorpions
  5 killer bees (D:8)
  14 wights
  5 crimson imps
  5 bullfrog skeletons
  2 centaur zombies
  2 hounds
  7 orc priests
  6 orc wizards
  6 jellies
  6 iguanas
  7 worker ants
  A yak simulacrum (Lair:2)
  6 polar bear simulacra (Lair:2)
  4 wolf simulacra (Lair:2)
  A hound zombie (D:11)
  A hound skeleton (D:5)
  A worker ant zombie (D:10)
  11 gnolls
  10 adders
  5 shadow imps
  2 oozes
  An adder zombie (D:8)
  2 adder skeletons (D:6)
  2 worms (D:3)
  5 dart slugs
  6 leopard geckos
  39 orcs
  3 ball pythons
  3 bats
  8 giant cockroaches
  9 goblins
  11 hobgoblins
  17 jackals
  3 quokkas
  6 frilled lizards
  20 kobolds
  A leopard gecko skeleton (D:4)
  A leopard gecko zombie (D:8)
  A quokka skeleton (D:5)
  9 rats
  A plant (Lair:1)
524 creatures vanquished.

Vanquished Creatures (others)
  6 fungi
  A plant (Lair:1)
7 creatures vanquished.

Grand Total: 531 creatures vanquished

Notes
Turn   | Place    | Note
-------+----------+-------------------------------------------
     0 | D:1      | Gorglomux the Ghoul Warper began the quest for the Orb.
     0 | D:1      | Reached XP level 1. HP: 17/17 MP: 2/2
   115 | D:1      | Reached skill level 3 in Unarmed Combat
   115 | D:1      | Reached XP level 2. HP: 12/24 MP: 3/3
   692 | D:1      | Reached skill level 1 in Shields
   727 | D:1      | Reached XP level 3. HP: 29/29 MP: 4/4
   995 | D:2      | Reached skill level 4 in Unarmed Combat
  1073 | D:2      | Reached skill level 1 in Armour
  1223 | D:2      | Reached XP level 4. HP: 37/37 MP: 5/5
  1449 | D:2      | Reached skill level 3 in Fighting
  2020 | D:2      | Reached XP level 5. HP: 45/45 MP: 6/6
  2064 | D:2      | Reached skill level 5 in Unarmed Combat
  2385 | D:3      | Reached skill level 6 in Unarmed Combat
  2385 | D:3      | Reached XP level 6. HP: 19/51 MP: 7/7
  3531 | D:4      | Found a blossoming altar of Fedhas.
  3544 | D:4      | Reached XP level 7. HP: 42/60 MP: 8/8
  3719 | D:4      | Noticed Eustachio
  3753 | D:4      | Killed Eustachio
  3849 | D:4      | You fall through a shaft for 3 floors!
  3900 | D:7      | Reached skill level 7 in Unarmed Combat
  3926 | D:7      | Noticed a hog
  3926 | D:7      | Noticed a human
  3926 | D:7      | Noticed a hog
  3927 | D:7      | Noticed a hog
  3927 | D:7      | Noticed a hog
  3959 | D:7      | Killed a hog
  3959 | D:7      | Reached skill level 3 in Shields
  3959 | D:7      | Reached XP level 8. HP: 44/69 MP: 9/9
  3975 | D:7      | Reached skill level 6 in Fighting
  3992 | D:7      | Reached skill level 8 in Unarmed Combat
  4266 | D:6      | Noticed Edmund
  4287 | D:7      | Killed Edmund
  4789 | D:5      | Entered Level 5 of the Dungeon
  4887 | D:4      | Reached XP level 9. HP: 76/79 MP: 10/10
  5324 | D:5      | Reached skill level 9 in Unarmed Combat
  5707 | D:5      | Noticed Dowan
  5708 | D:5      | Noticed Duvessa
  5718 | D:5      | Killed Duvessa
  5727 | D:5      | Killed Dowan
  5897 | D:5      | Found a sacrificial altar of Ru.
  6759 | D:6      | Reached skill level 10 in Unarmed Combat
  6975 | D:7      | Reached skill level 9 in Fighting
  7177 | D:7      | Found a staircase to the Ecumenical Temple.
  7325 | Temple   | Entered the Ecumenical Temple
  7398 | Temple   | Became a worshipper of Warmaster Okawaru
  7727 | D:8      | Noticed Psyche
  7735 | D:8      | Killed Psyche
  7735 | D:8      | Reached * piety under Okawaru
  7735 | D:8      | Reached XP level 10. HP: 70/93 MP: 11/11
  7888 | D:8      | Reached skill level 11 in Unarmed Combat
  8183 | D:8      | Reached skill level 1 in Invocations
  8313 | D:8      | Reached skill level 3 in Invocations
  8452 | D:8      | Reached ** piety under Okawaru
  9113 | D:9      | Reached skill level 3 in Armour
  9227 | D:9      | Found Ciesol's Jewellery Shoppe.
  9292 | D:9      | Reached *** piety under Okawaru
  9597 | D:9      | Noticed an ettin
  9598 | D:9      | Noticed a white ugly thing
  9602 | D:9      | Noticed a red ugly thing
  9668 | D:10     | Entered Level 10 of the Dungeon
  9700 | D:10     | Reached skill level 6 in Shields
 10028 | D:10     | Reached XP level 11. HP: 83/99 MP: 12/12
 10191 | D:10     | Reached **** piety under Okawaru
 10191 | D:10     | Reached skill level 12 in Unarmed Combat
 10329 | D:10     | Found a staircase to the Lair.
 10363 | D:10     | Reached skill level 1 in Evocations
 11394 | D:11     | Noticed a two-headed ogre
 11400 | D:11     | Killed a two-headed ogre
 11400 | D:11     | Reached skill level 3 in Evocations
 11483 | D:11     | Reached ***** piety under Okawaru
 11491 | D:11     | Reached skill level 13 in Unarmed Combat
 11571 | D:11     | Found a staircase to the Orcish Mines.
 11671 | D:11     | Received a gift from Okawaru
 11715 | D:11     | Got a fine ring mail {god gift}
 11726 | D:11     | Identified the +0 ring mail "Gozxeu" {god gift, rElec rF- Int+2 Slay+4} (Okawaru gifted it to you on level 11 of the Dungeon)
 12003 | D:11     | Found a stormy altar of Qazlal.
 12067 | D:11     | Noticed a death knight
 12068 | D:11     | Noticed a skeletal warrior
 12086 | D:11     | Killed a death knight
 12086 | D:11     | Reached skill level 14 in Unarmed Combat
 12110 | D:11     | Killed a skeletal warrior
 12110 | D:11     | Reached XP level 12. HP: 71/106 MP: 7/13
 12450 | D:11     | Noticed a two-headed ogre
 12455 | D:11     | Killed a two-headed ogre
 12628 | Lair:1   | Entered Level 1 of the Lair of Beasts
 12639 | Lair:1   | Reached skill level 15 in Unarmed Combat
 12733 | Lair:1   | HP: 2/106 [komodo dragon (12)]
 13365 | Lair:1   | Noticed Sonja
 13370 | Lair:1   | Killed Sonja
 13501 | Lair:1   | Reached skill level 16 in Unarmed Combat
 13697 | Lair:1   | Received a gift from Okawaru
 14019 | Lair:1   | Reached skill level 3 in Dodging
 14536 | Lair:2   | Noticed nht's ghost (journeyman TrFi)
 14543 | Lair:2   | Killed nht's ghost
 14907 | Lair:2   | Noticed dxctxrx's ghost (journeyman SpEn)
 15117 | Lair:2   | Killed dxctxrx's ghost
 15117 | Lair:2   | Reached XP level 13. HP: 53/116 MP: 14/14
 15421 | Lair:2   | Found a staircase to the Swamp.
 15822 | Lair:2   | Got a warped buckler
 15833 | Lair:2   | Identified the +3 buckler of Yrchomie {Int+6} (You found it on level 2 of the Lair of Beasts)
 16124 | Lair:3   | Noticed Fannar
 16140 | Lair:3   | Killed Fannar
 16140 | Lair:3   | Reached skill level 12 in Fighting
 16482 | Lair:3   | Received a gift from Okawaru
 16933 | Lair:4   | Reached skill level 17 in Unarmed Combat
 17158 | Lair:4   | Found a staircase to the Snake Pit.
 17780 | Lair:5   | Found a labyrinth entrance.
 18045 | Lab      | Entered a labyrinth
 18934 | Lab      | Noticed a minotaur
 18944 | Lab      | Killed a minotaur
 18946 | Lab      | Got a brightly glowing ring mail
 18961 | Lab      | Identified the +5 ring mail of Shielding {rPois rF- rCorr Int+2} (You took it off a minotaur in a labyrinth)
 18976 | Lab      | Got a shimmering shortbow
 18982 | Lab      | Identified the +8 shortbow of the Insatiable Stories {velocity, MP+9 Dex+6} (You found it in a labyrinth)
 19300 | Lair:4   | Received a gift from Okawaru
 19362 | Lair:5   | Reached XP level 14. HP: 106/129 MP: 13/15
 19505 | Lair:6   | Entered Level 6 of the Lair of Beasts
 19677 | Lair:6   | Reached skill level 18 in Unarmed Combat
 19749 | Lair:6   | Reached ****** piety under Okawaru
 19915 | Lair:6   | Received a gift from Okawaru
 19918 | Lair:6   | Got a crude scale mail {god gift}
 19929 | Lair:6   | Identified the +5 scale mail "Anlilix" {god gift, rPois rN+ Slay-4} (Okawaru gifted it to you on level 6 of the Lair of Beasts)
 20109 | Lair:6   | Found a staircase to the Slime Pits.
 20426 | Lair:6   | Noticed Kirke
 20477 | Lair:5   | Killed Kirke
 20587 | Lair:6   | Slain by a spiny frog

Vault maps used:
D:1:      elethiomel_arrival_infinity_welcomes_careful_drivers, fountainhead
D:4:      fedhas_bush_and_centaur_altar, uniq_eustachio
D:5:      nicolae_ru_great_annihilating_truth, first_bread,
          minmay_misc_feat_roman, uniq_duvessa
D:6:      uniq_edmund
D:7:      minmay_temple_entry_trees, grunt_livestock
D:8:      minmay_goldmine, kennysheep_flooded_box, uniq_psyche
D:9:      serial_shops, shop, grunt_ministairs_6,
          onia_ninara_dug_in_and_dangerous
D:10:     grunt_lair_entry_orc_guard_hut, serial_corexii_hall,
          corexii_hall_statues_i, corexii_hall_statues_s
D:11:     david_orc_3, grunt_qazlal_sundering
Temple:   roderic_octagonal_lattice_temple
Lair:1:   beast_lair_carwin_large_1, enter_volcano_3, minmay_lair_oklob_chamber,
          uniq_sonja
Lair:2:   minmay_swamp_entry_worms, eino_house_with_fridge
Lair:3:   grunt_megastairs_3, uniq_fannar
Lair:4:   minmay_snake_entry_guardpost_small, minivault_27
Lair:5:   lab_entry_generic
Lair:6:   cheibrodos_lair_end_hotspot, nicolae_slime_entry_slimehenge,
          grunt_megastairs_4, uniq_kirke
Lab:      labyrinth_watery

Skill      XL: |  1  2  3  4  5  6  7  8  9 10 11 12 13 14 |
---------------+-------------------------------------------+-----
Unarmed Combat | 3 4 6 7 8 10 11 14 16 17 18 | 18.3
Shields        | 1 3 4 6 7 |  7.2
Armour         | 1 4 5 |  5.0
Fighting       | 3 4 5 7 9 10 11 13 | 13.7
Invocations    | 3 4 |  4.0
Evocations     | 3 |  3.0
Dodging        | 4 5 |  5.0
Throwing       | |  0.8
Spellcasting   | |  1.7
Translocations | |  2.6

Action                   |  1- 3 |  4- 6 |  7- 9 | 10-12 | 13-15 || total
-------------------------+-------+-------+-------+-------+-------++-------
Melee: Unarmed           |   136 |   278 |   400 |   921 |   563 ||  2298
       Punch             |     2 |       |       |       |       ||     2
 Fire: Hand crossbow     |       |       |       |    18 |       ||    18
       Blowgun           |       |       |       |     9 |    23 ||    32
Throw: Tomahawk          |       |     4 |     6 |     4 |    18 ||    32
       Throwing net      |       |       |       |       |     1 ||     1
Invok: Heroism           |       |       |       |    13 |    11 ||    24
       Finesse           |       |       |       |     1 |     3 ||     4
Evoke: Wand              |       |       |     4 |    14 |       ||    18
  Use: Scroll            |       |     5 |     8 |     2 |     8 ||    23
       Potion            |       |       |     4 |     5 |     3 ||    12
 Stab: Paralysed         |       |       |     1 |     1 |       ||     2
  Eat: Chunk             |    16 |    22 |    21 |    89 |    62 ||   210
       Meat ration       |       |       |     1 |       |       ||     1
Armor: Leather armour    |    14 |       |       |       |       ||    14
       Chain mail        |    49 |   168 |   172 |    49 |       ||   438
       Plate armour      |       |       |       |   320 |   202 ||   522
       Ring mail         |       |       |       |    10 |       ||    10
Dodge: Dodged            |    51 |    88 |    71 |   129 |   125 ||   464
Block: Buckler           |       |    18 |    51 |       |    63 ||   132
       Shield            |       |       |    17 |   300 |   135 ||   452
